3L
CAPITAL DISTRICT RED KNIGHTS @ AUSTIN RANGERS
08/10/2024
 
TOP OF THE 1ST
Capital District Red Knights batting - Pitching for Austin Rangers : RHP Art Adams
Pitching: RHP Art Adams
Batting: RHB Manny Carbajal 0-0: Ball
1-0: SINGLE (Groundball, 56D)
Batting: RHB Mark Field 0-0: Grounds into double play, 6-4-3 (Groundball, 6)
Batting: LHB Leonardo López 0-0: Ball
1-0: Ball
2-0: Ball
3-0: Called Strike
3-1: Foul Ball, location: 2F
3-2: Foul Ball, location: 2F
3-2: Base on Balls
Batting: SHB Joreão Canosa 0-0: Foul Ball, location: 2F
0-1: Ball
1-1: Ball
2-1: Swinging Strike
2-2: Foul Ball, location: 2F
2-2: Strikes out looking
Top of the 1st over - 0 run(s), 1 hit(s), 0 error(s), 1 left on base; Capital District 0 - Austin 0
BOTTOM OF THE 1ST
Austin Rangers batting - Pitching for Capital District Red Knights : RHP Hubert Dunham
Pitching: RHP Hubert Dunham
Batting: RHB José Muñóz 0-0: Swinging Strike
0-1: Ball
1-1: Ball
2-1: Foul Ball, location: 2F
2-2: SINGLE (Groundball, 6M) (infield hit)
Batting: RHB Tony Hernández 0-0: Ball
1-0: Called Strike
1-1: Ground out 6-3 (Groundball, 6S)
José Muñóz to second
Batting: SHB Carlos Kramer 0-0: Ball
1-0: Foul Ball, location: 2F
1-1: Swinging Strike
1-2: Ground out 4-3 (Groundball, 4)
José Muñóz to third
Batting: LHB Yun Yen 0-0: Foul Ball, location: 2F
0-1: Ball
1-1: Fly out, F6 (Popup, 6D)
Bottom of the 1st over - 0 run(s), 1 hit(s), 0 error(s), 1 left on base; Capital District 0 - Austin 0
TOP OF THE 2ND
Capital District Red Knights batting - Pitching for Austin Rangers : RHP Art Adams
Batting: SHB Bernardo Hernández 0-0: Ball
1-0: Called Strike
1-1: Swinging Strike
1-2: Ball
2-2: Foul Ball, location: 2F
2-2: Foul Ball, location: 2F
2-2: Ball
3-2: Strikes out swinging
Batting: RHB Tom Christensen 0-0: Foul Ball, location: 2F
0-1: Ground out 6-3 (Groundball, 6)
Batting: RHB Barry Dempsey 0-0: Foul Ball, location: 2F
0-1: Ball
1-1: Foul Ball, location: 2F
1-2: Ball
2-2: Strikes out swinging
Top of the 2nd over - 0 run(s), 0 hit(s), 0 error(s), 0 left on base; Capital District 0 - Austin 0
BOTTOM OF THE 2ND
Austin Rangers batting - Pitching for Capital District Red Knights : RHP Hubert Dunham
Batting: RHB Jeff Green 0-0: Fly out, F3 (Popup, 3)
Batting: LHB Gonzalo López 0-0: Foul Ball, location: 2F
0-1: Fly out, F8 (Flyball, 8RD)
Batting: LHB Motoshige Kitamura 0-0: Ball
1-0: Ball
2-0: Fly out, F9 (Flyball, 9LM)
Bottom of the 2nd over - 0 run(s), 0 hit(s), 0 error(s), 0 left on base; Capital District 0 - Austin 0
TOP OF THE 3RD
Capital District Red Knights batting - Pitching for Austin Rangers : RHP Art Adams
Batting: RHB Chang-bum Pak 0-0: SINGLE (Line Drive, 6MD)
Batting: LHB Roberto Marino 0-0: Foul Ball, location: 2F
0-1: Swinging Strike
0-2: Fly out, F7 (Flyball, 7S)
Pitching: RHP Dan Hobbs
Batting: RHB Manny Carbajal 0-0: Foul Ball, location: 2F
Pickoff Throw to First - Out!
0-1: Ball
1-1: Foul Ball, location: 2F
1-2: Foul Ball, location: 2F
1-2: Strikes out swinging
Top of the 3rd over - 0 run(s), 1 hit(s), 0 error(s), 0 left on base; Capital District 0 - Austin 0
BOTTOM OF THE 3RD
Austin Rangers batting - Pitching for Capital District Red Knights : RHP Hubert Dunham
Batting: SHB Xavier Vásquez 0-0: SINGLE (Groundball, 34D)
Batting: RHB Joaquín Parra 0-0: Called Strike
0-1: Grounds into double play, 4-6-3 (Groundball, 34)
Batting: RHB José Muñóz 0-0: Called Strike
0-1: Swinging Strike
0-2: Ball
1-2: Ball
2-2: Ball
3-2: Foul Ball, location: 2F
3-2: SOLO HOME RUN (Flyball, 7D), Distance : 388 ft
Batting: RHB Tony Hernández 0-0: Ball
1-0: Ball
2-0: Ball
3-0: Base on Balls
Batting: SHB Carlos Kramer 0-0: Called Strike
0-1: SINGLE (Groundball, 5D)
Tony Hernández to second
Batting: LHB Yun Yen 0-0: SINGLE (Groundball, 23) (infield hit)
Tony Hernández to third
Carlos Kramer to second
Batting: RHB Jeff Green 0-0: Called Strike
0-1: Foul Ball, location: 2F
0-2: Foul Ball, location: 2F
0-2: Fielders Choice at 2nd, 5-4 (Groundball, 56)
Bottom of the 3rd over - 1 run(s), 4 hit(s), 0 error(s), 2 left on base; Capital District 0 - Austin 1
TOP OF THE 4TH
Capital District Red Knights batting - Pitching for Austin Rangers : RHP Dan Hobbs
Batting: RHB Mark Field 0-0: Ball
1-0: Fly out, F9 (Flyball, 89M)
Batting: LHB Leonardo López 0-0: Called Strike
0-1: SOLO HOME RUN (Flyball, 9LD), Distance : 380 ft
Batting: SHB Joreão Canosa 0-0: Called Strike
0-1: Ground out 4-3 (Groundball, 4)
Batting: SHB Bernardo Hernández 0-0: Foul Ball, location: 2F
0-1: SINGLE (Groundball, 6MD)
Batting: RHB Tom Christensen 0-0: Ball
1-0: Called Strike
1-1: Foul Ball, location: 2F
1-2: Foul Ball, location: 2F
1-2: Ball
2-2: Foul Ball, location: 2F
2-2: Ball
3-2: Base on Balls
Bernardo Hernández to second
Batting: RHB Barry Dempsey 0-0: Called Strike
0-1: Called Strike
0-2: Ball
1-2: Ball
2-2: Strikes out swinging
Top of the 4th over - 1 run(s), 2 hit(s), 0 error(s), 2 left on base; Capital District 1 - Austin 1
BOTTOM OF THE 4TH
Austin Rangers batting - Pitching for Capital District Red Knights : RHP Hubert Dunham
Batting: LHB Gonzalo López 0-0: Ball
1-0: Ball
2-0: Ball
3-0: Base on Balls
Batting: LHB Motoshige Kitamura 0-0: Swinging Strike
0-1: Ball
1-1: Fly out, F4 (Popup, 4)
Batting: SHB Xavier Vásquez 0-0: Ball
1-0: Ball
2-0: Ball
3-0: Called Strike
3-1: Base on Balls
Gonzalo López to second
Batting: RHB Joaquín Parra 0-0: Ball
1-0: SINGLE (Line Drive, 89S)
Gonzalo López to third
Xavier Vásquez to second
Batting: RHB José Muñóz 0-0: SINGLE (Flyball, 78S)
Gonzalo López scores
Xavier Vásquez to third
Joaquín Parra to second
Runner from 3rd tries for Home, SAFE, no throw or cutoff
Batting: RHB Tony Hernández 0-0: Ball
1-0: Ball
2-0: Called Strike
2-1: Foul Ball, location: 2F
2-2: SINGLE (Line Drive, 89S)
Joaquín Parra to third
José Muñóz to second
Runner from 3rd tries for Home, SAFE, throw made home
José Muñóz to third
Tony Hernández to second
Batting: SHB Carlos Kramer 0-0: Ball
1-0: Ground out U3 (Groundball, 3S)
Batting: LHB Yun Yen 0-0: Ground out 4-3 (Groundball, 4M)
Bottom of the 4th over - 3 run(s), 3 hit(s), 0 error(s), 2 left on base; Capital District 1 - Austin 4
TOP OF THE 5TH
Capital District Red Knights batting - Pitching for Austin Rangers : RHP Dan Hobbs
Batting: RHB Chang-bum Pak 0-0: Ball
1-0: Ball
2-0: SOLO HOME RUN (Flyball, 78XD), Distance : 390 ft
Batting: LHB Roberto Marino 0-0: Ground out 3-1 (Groundball, 34)
Batting: RHB Manny Carbajal 0-0: Fly out, F5 (Line Drive, 56)
Batting: RHB Mark Field 0-0: Ground out 4-3 (Groundball, 4)
Top of the 5th over - 1 run(s), 1 hit(s), 0 error(s), 0 left on base; Capital District 2 - Austin 4
BOTTOM OF THE 5TH
Austin Rangers batting - Pitching for Capital District Red Knights : RHP Hubert Dunham
Batting: RHB Jeff Green 0-0: Ball
1-0: Swinging Strike
1-1: Ball
2-1: Foul Ball, location: 2F
2-2: SINGLE (Line Drive, 78S)
Batting: LHB Gonzalo López 0-0: Called Strike
0-1: Ball
1-1: Sac Bunt - play at second, runner OUT! 5-6
Batting: LHB Motoshige Kitamura 0-0: Called Strike
0-1: Ball
1-1: Ball
2-1: Foul Ball, location: 2F
2-2: SINGLE (Groundball, 34)
Gonzalo López to second
Runner from 2nd tries for 3rd, SAFE, throw made to third
Batting: SHB Xavier Vásquez 0-0: Ball
1-0: Called Strike
1-1: Hit by Pitch
Motoshige Kitamura to second
Batting: RHB Joaquín Parra 0-0: Ball
1-0: Ball
2-0: Fly out, F6 (Line Drive, 6)
2-0: Fly out, F6 (Line Drive, 6)
Batting: RHB José Muñóz 0-0: Ball
1-0: Ball
2-0: Called Strike
2-1: Ball
3-1: Base on Balls
Gonzalo López scores
Motoshige Kitamura to third
Xavier Vásquez to second
Batting: RHB Tony Hernández 0-0: Ball
1-0: Called Strike
1-1: Ball
2-1: Ball
3-1: Called Strike
3-2: Foul Ball, location: 2F
3-2: Base on Balls
Motoshige Kitamura scores
Xavier Vásquez to third
José Muñóz to second
Batting: SHB Carlos Kramer 0-0: Ball
1-0: Ball
2-0: Ball
3-0: Called Strike
3-1: Called Strike
3-2: Foul Ball, location: 2F
3-2: DOUBLE (Line Drive, 9D)
Xavier Vásquez scores
José Muñóz scores
Tony Hernández to third
Tony Hernández scores
Pitching: RHP Roberto Bernard
Batting: LHB Yun Yen 0-0: Ball
1-0: Foul Ball, location: 2F
1-1: Ground out 4-3 (Groundball, 4M)
Bottom of the 5th over - 5 run(s), 3 hit(s), 0 error(s), 1 left on base; Capital District 2 - Austin 9
TOP OF THE 6TH
Capital District Red Knights batting - Pitching for Austin Rangers : RHP Dan Hobbs
Batting: LHB Leonardo López 0-0: Called Strike
0-1: Called Strike
0-2: Ball
1-2: Ground out 4-3 (Groundball, 4M)
Batting: SHB Joreão Canosa 0-0: Foul Ball, location: 2F
0-1: Swinging Strike
0-2: Ball
1-2: Fly out, F7 (Flyball, 7M)
Batting: SHB Bernardo Hernández 0-0: Ball
1-0: Ball
2-0: Ball
3-0: Base on Balls
Batting: RHB Tom Christensen 0-0: Ball
1-0: Ball
2-0: Ball
3-0: Called Strike
3-1: Ground out 6-3 (Groundball, 6)
Top of the 6th over - 0 run(s), 0 hit(s), 0 error(s), 1 left on base; Capital District 2 - Austin 9
BOTTOM OF THE 6TH
Austin Rangers batting - Pitching for Capital District Red Knights : RHP Roberto Bernard
Batting: RHB Jeff Green 0-0: Ball
1-0: SINGLE (Groundball, 34D)
Batting: LHB Gonzalo López 0-0: Called Strike
0-1: Foul Ball, location: 2F
0-2: Ball
1-2: Ball
2-2: Strikes out swinging
Batting: LHB Motoshige Kitamura 0-0: Called Strike
0-1: Ball
1-1: SINGLE (Line Drive, 56)
Jeff Green to second
Batting: SHB Xavier Vásquez 0-0: Ball
1-0: SINGLE (Line Drive, 34D)
Jeff Green to third
Motoshige Kitamura to second
Batting: RHB Joaquín Parra 0-0: Ball
1-0: Ball
2-0: Ball
3-0: Called Strike
3-1: Base on Balls
Jeff Green scores
Motoshige Kitamura to third
Xavier Vásquez to second
Batting: RHB José Muñóz 0-0: Ball
1-0: Foul Ball, location: 2F
1-1: Ball
2-1: Swinging Strike
2-2: Strikes out looking
Batting: RHB Tony Hernández 0-0: Ball
1-0: Ball
2-0: Swinging Strike
2-1: Ball
3-1: Fly out, F7 (Flyball, 7D)
Bottom of the 6th over - 1 run(s), 3 hit(s), 0 error(s), 3 left on base; Capital District 2 - Austin 10
TOP OF THE 7TH
Capital District Red Knights batting - Pitching for Austin Rangers : RHP Dan Hobbs
Batting: RHB Barry Dempsey 0-0: Called Strike
0-1: Reached on error, E5 (Groundball, 56)
Pitching: RHP Angus Barlow
Batting: RHB Chang-bum Pak 0-0: Ball
1-0: Ball
2-0: Swinging Strike
2-1: Ball
3-1: Foul Ball, location: 2F
3-2: SINGLE (Flyball, 78S)
Barry Dempsey to second
Batting: LHB Roberto Marino 0-0: Ball
1-0: Ball
2-0: Called Strike
2-1: Ball
3-1: Called Strike
3-2: Fly out, F7 (Flyball, 78M)
Batting: RHB Manny Carbajal 0-0: Called Strike
0-1: Ball
1-1: Foul Ball, location: 2F
1-2: Foul Ball, location: 2F
1-2: Strikes out looking
Batting: RHB Mark Field 0-0: Called Strike
0-1: Ball
1-1: Called Strike
1-2: SINGLE (Groundball, 4MD)
Barry Dempsey to third
Chang-bum Pak to second
Runner from 3rd tries for Home, SAFE, no throw or cutoff
Batting: LHB Leonardo López 0-0: Called Strike
0-1: Foul Ball, location: 2F
0-2: Ball
1-2: Strikes out swinging
Top of the 7th over - 1 run(s), 2 hit(s), 1 error(s), 2 left on base; Capital District 3 - Austin 10
BOTTOM OF THE 7TH
Austin Rangers batting - Pitching for Capital District Red Knights : RHP Roberto Bernard
Pitching: RHP César Rivera
Batting: SHB Carlos Kramer 0-0: Foul Ball, location: 2F
0-1: Foul Ball, location: 2F
0-2: SINGLE (Groundball, 34D)
Batting: LHB Yun Yen 0-0: Ball
1-0: Called Strike
1-1: Grounds into double play, 4-6-3 (Groundball, 4M)
Batting: RHB Jeff Green 0-0: Called Strike
0-1: Swinging Strike
0-2: Foul Ball, location: 2F
0-2: Ball
1-2: Strikes out swinging
Bottom of the 7th over - 0 run(s), 1 hit(s), 0 error(s), 0 left on base; Capital District 3 - Austin 10
TOP OF THE 8TH
Capital District Red Knights batting - Pitching for Austin Rangers : RHP Angus Barlow
Batting: SHB Joreão Canosa 0-0: Called Strike
0-1: Ball
1-1: Foul Ball, location: 2F
1-2: Fly out, F9 (Flyball, 9D)
Batting: SHB Bernardo Hernández 0-0: Called Strike
0-1: Ball
1-1: Ball
2-1: Swinging Strike
2-2: Fly out, F6 (Popup, 6D)
Batting: RHB Tom Christensen 0-0: Called Strike
0-1: Foul Ball, location: 2F
0-2: Strikes out swinging
Top of the 8th over - 0 run(s), 0 hit(s), 0 error(s), 0 left on base; Capital District 3 - Austin 10
BOTTOM OF THE 8TH
Austin Rangers batting - Pitching for Capital District Red Knights : RHP César Rivera
Batting: LHB Gonzalo López 0-0: Called Strike
0-1: Ball
1-1: Ball
2-1: TRIPLE (Flyball, 8RXD)
Batting: LHB Motoshige Kitamura 0-0: Ball
1-0: Fly out, F5 (Popup, 5SF)
Batting: SHB Xavier Vásquez 0-0: Fly out, F9 (Flyball, 89XD)
Runner from 3rd tags up, SCORES, no throw
Batting: RHB Joaquín Parra 0-0: Ball
1-0: Ball
2-0: Foul Ball, location: 2F
2-1: Ground out 4-3 (Groundball, 4)
Bottom of the 8th over - 1 run(s), 1 hit(s), 0 error(s), 0 left on base; Capital District 3 - Austin 11
TOP OF THE 9TH
Capital District Red Knights batting - Pitching for Austin Rangers : RHP Angus Barlow
Now in CF: Vern Forrest
Batting: RHB Barry Dempsey 0-0: Ball
1-0: Ball
2-0: Ball
3-0: Called Strike
3-1: Foul Ball, location: 2F
3-2: Ground out 4-3 (Groundball, 4)
Batting: RHB Chang-bum Pak 0-0: Ground out 5-3 (Groundball, 56)
Batting: LHB Roberto Marino 0-0: Ball
1-0: SINGLE (Line Drive, 78S)
Batting: RHB Manny Carbajal 0-0: Called Strike
0-1: Swinging Strike
0-2: Ground out 4-3 (Groundball, 34)
Top of the 9th over - 0 run(s), 1 hit(s), 0 error(s), 1 left on base; Capital District 3 - Austin 11
This league is powered by Out of the Park Baseball, the baseball management simulation game for PC, Mac and Linux
Monday, October 3rd, 2016 - OOTP Baseball 16.9 Build 39